 Dungeon Crawl Stone Soup version 0.20.1-1-g8b1a95d (webtiles) character file.

497 Irenicus the Carver (level 7, -2/41 HPs)
             Began as a Tengu Chaos Knight on Oct 9, 2017.
             Splashed by a jelly's acid (6 damage)
             ... on level 5 of the Dungeon.
             The game lasted 00:06:32 (3268 turns).

Irenicus the Carver (Tengu Chaos Knight)            Turns: 3268, Time: 00:06:34

Health: -2/41      AC: -6    Str: 13    XL:     7   Next: 15%
Magic:  8/8        EV: 11    Int: 12    God:    Xom [...*..]
Gold:   193        SH:  4    Dex: 15    Spells: 6/6 levels left

rFire    . . .     SeeInvis .   a - +0 falchion (chaos)
rCold    . . .     Gourm    .   (no shield)
rNeg     . . .     Faith    .   b - +2 leather armour
rPois    .         Spirit   .   (helmet restricted)
rElec    .         Reflect  +   (no cloak)
rCorr    .         Harm     .   (no gloves)
MR       .....                  (boots unavailable)
Stlth    +.........             k - +4 amulet of reflection
Regen    0.2/turn               (no ring)
MPRegen  0.2/turn               (no ring)

@: corroded
A: beak, talons 3, able to fly 1
a: Fly, Renounce Religion


You were on level 5 of the Dungeon.
You worshipped Xom.
You were a favourite toy of Xom.
You were not hungry.

You visited 1 branch of the dungeon, and saw 5 of its levels.

You collected 193 gold pieces.

Inventory:

Hand Weapons
 a - a +0 falchion of chaos (weapon)
Armour
 b - a +2 leather armour (worn)
 q - a +0 buckler
Jewellery
 k - a +4 amulet of reflection (around neck)
Wands
 c - a wand of paralysis (11/24)
 s - a wand of lightning (8/15)
 v - a wand of iceblast (2/15)
Scrolls
 e - 4 scrolls of identify {unknown}
 g - 4 scrolls of remove curse {unknown}
 h - a scroll of immolation {unknown}
 j - 2 scrolls of recharging {unknown}
 l - 2 scrolls of random uselessness {unknown}
 m - 3 scrolls of amnesia {unknown}
 r - a scroll of fear {unknown}
 u - a scroll of magic mapping {unknown}
 w - a scroll of enchant weapon {unknown}
 y - a scroll of teleportation {unknown}
 z - a scroll of blinking {unknown}
Potions
 d - 2 potions of degeneration {unknown}
 i - a potion of flight {unknown}
 o - a potion of agility {unknown}
 p - a potion of invisibility {unknown}
 x - 2 potions of heal wounds {unknown}
Comestibles
 f - 3 meat rations
 n - 4 royal jellies


   Skills:
 - Level 3.0 Fighting
 + Level 8.7 Long Blades
 - Level 2.1 Armour
 - Level 1.1 Dodging


You had 6 spell levels left.
You didn't know any spells.

Dungeon Overview and Level Annotations

Branches:
Dungeon (5/15)             Temple (0/1) D:4

Altars:
Okawaru

Shops:
D:5 *(

Annotations:
D:5 Dowan, Duvessa


Innate Abilities, Weirdness & Mutations

You have a beak for a mouth.
You have claws for feet.
You can fly.


Message History

You hit the jelly but do no damage. The acid corrodes you!
Your hands burn!
You emit a cloud of colourful smoke!
You claw the jelly.
The jelly is almost dead.
The jelly hits you. The acid corrodes you!
You are splashed with acid!
The acid burns!
You hit the jelly.
Your hands burn!
You smell smoke.
Your kick misses the jelly.
The jelly is almost dead.
The jelly hits you.
You are splashed with acid!
The acid burns!
* * * LOW HITPOINT WARNING * * *
You hit the jelly but do no damage.
Your hands burn!
* * * LOW HITPOINT WARNING * * *
You claw the jelly, but do no damage. You peck the jelly, but do no damage.
The jelly is almost dead.
The jelly hits you.
* * * LOW HITPOINT WARNING * * *
You are splashed with acid!
The acid burns!
You die...
Xom howls with laughter!

###.# #.........####
########.###########.#... ###
#........................ ..#
#..........#######.#.#... #.#
#..........<...###.#.#### #.#
###.........##...e.e....#
#.#####............'...J...#..#
......).#.##########...#####..#
........#......§@###..........#
..).....#>......§J..........#e#
.♣......#.##.#.#.###.###....#Z#
.∩.♣.........#.#.# #.#
#.∩..#.#.. #♣###.#.#.#......#
#.# ##...#e#.. #.#
#.#.#.#..#######.# #...#.#..
#.# #.#.#.#..#.....#.# ##+##.#
. #.###+#.#.##.#.###.#.#### #.#
# ........#....#.#........# #.#
#


You could see a jelly.

Vanquished Creatures
  An ogre (D:5)
  A scorpion (D:4)
  An orc priest (D:4)
  2 jellies
  A centaur skeleton (D:5)
  A bullfrog skeleton (D:4)
  Ijyb (D:4)
  An iguana (D:3)
  6 adders
  An adder zombie (D:5)
  An adder skeleton (D:4)
  2 worms
  2 leopard geckos
  4 orcs
  A giant cockroach (D:1)
  6 goblins
  7 hobgoblins
  8 kobolds
  3 quokkas
  2 bats (D:1)
  5 frilled lizards
  A quokka skeleton (D:4)
  2 rats
60 creatures vanquished.

Vanquished Creatures (collateral kills)
  An orc priest (D:4)
1 creature vanquished.

Vanquished Creatures (others)
  A howler monkey (D:5)
1 creature vanquished.

Grand Total: 62 creatures vanquished

Notes
Turn   | Place    | Note
-------+----------+-------------------------------------------
     0 | D:1      | Irenicus the Tengu Chaos Knight began the quest for the Orb.
     0 | D:1      | Reached XP level 1. HP: 14/14 MP: 2/2
   145 | D:1      | XOM: potion effect (might)
   359 | D:1      | Reached XP level 2. HP: 19/19 MP: 3/3
   363 | D:1      | Reached skill level 4 in Long Blades
   630 | D:2      | Reached XP level 3. HP: 21/23 MP: 4/4
   761 | D:2      | Reached skill level 5 in Long Blades
   915 | D:2      | XOM: divination: detect creatures
  1038 | D:3      | Reached XP level 4. HP: 24/28 MP: 5/5
  1128 | D:3      | Found an iron altar of Okawaru.
  1196 | D:3      | Found a faded altar of an unknown god.
  1229 | D:3      | Reached skill level 6 in Long Blades
  1229 | D:3      | Gained mutation: You can fly. [Tengu growth]
  1229 | D:3      | Reached XP level 5. HP: 25/32 MP: 6/6
  1230 | D:3      | XOM: mild Necr miscast
  1586 | D:4      | Noticed Ijyb
  1588 | D:4      | XOM: potion effect (haste)
  1596 | D:4      | Killed Ijyb
  1790 | D:4      | XOM: noise
  1808 | D:4      | Found a staircase to the Ecumenical Temple.
  1924 | D:4      | Reached skill level 7 in Long Blades
  1955 | D:4      | Reached XP level 6. HP: 31/37 MP: 7/7
  2020 | D:4      | XOM: summons 3 friendly demons
  2392 | D:5      | Entered Level 5 of the Dungeon
  2403 | D:5      | Reached skill level 8 in Long Blades
  2404 | D:5      | XOM: confusion (+ monsters)
  2634 | D:5      | Found Eroemehu's Antique Weapon Shoppe.
  2769 | D:5      | Found Kuiji's General Store.
  2780 | D:5      | XOM: noise
  2790 | D:5      | XOM: confuse monster(s)
  2791 | D:5      | Reached XP level 7. HP: 27/41 MP: 8/8
  3052 | D:5      | Noticed Duvessa
  3056 | D:5      | Noticed Dowan
  3065 | D:5      | XOM: summons friendly white imp
  3085 | D:5      | XOM: blink monster(s)
  3208 | D:4      | XOM: scenery: 3 doors close
  3266 | D:5      | XOM: smoke on damage
  3268 | D:5      | Splashed by a jelly's acid

Skill      XL: |  1  2  3  4  5  6 |
---------------+-------------------+-----
Long Blades    | 4 5 6 7 8 |  8.7
Fighting       | |  3.0
Armour         | |  2.1
Dodging        | |  1.1

Action                   |  1- 3 |  4- 6 |  7- 9 || total
-------------------------+-------+-------+-------++-------
Melee: Falchion          |    57 |    97 |    15 ||   169
       Kick              |    16 |    21 |     6 ||    43
       Peck              |     6 |    15 |     6 ||    27
 Stab: Sleeping          |       |     1 |       ||     1
       Petrified         |       |     2 |       ||     2
  Eat: Bread ration      |       |     1 |     1 ||     2
Armor: Leather armour    |    15 |    22 |     2 ||    39
Dodge: Dodged            |    30 |    31 |     5 ||    66
Block: Other             |     3 |     9 |     1 ||    13
       Rpst.: Falchion   |     9 |     8 |     1 ||    18
